[Event "Titled Tuesday Blitz February 01 A 2022"]
[White "Wagner, Dennis"]
[Black "Xiong, Jeffery"]
[WhiteFideId "24650684"]
[BlackFideId "2047640"]
[WhiteElo "2355"]
[BlackElo "2727"]
[Result "1/2-1/2"]
[Round "05"]
[TimeControl "180+1"]
[Date "2022.02.01"]
[WhiteClock "0:00:20"]
[BlackClock "0:01:07"]

1. d4 d5 2. c4 dxc4 3. Nf3 Nf6 4. e3 e6 5. Bxc4 a6 6. O-O b5 7. Bd3 Bb7 8. a4 b4 9. Nbd2 Nbd7 10. Qe2 c5 11. Nc4 Be7 12. a5 O-O 13. e4 cxd4 14. e5 Nd5 15. Nxd4 Nc5 16. Rd1 Nxd3 17. Rxd3 Qc7 18. Rh3 g6 19. Qd2 h5 20. Qh6 Bc8 21. Rg3 Qxc4 22. Rxg6+ fxg6 23. Qxg6+ Kh8 24. Qh6+ Kg8 25. Qg6+ Kh8 26. Qxh5+ Kg8 27. Qg6+ Kh8 28. Qh6+ Kg8 29. Qg6+ Kh8 30. Qh6+ Kg8 31. Qg6+ 1/2-1/2


[Site "https://www.chess.com"]

[Event "Titled Tuesday Blitz February 01 A 2022"]
[White "Wong, Yinn Long"]
[Black "Andreikin, Dmitry"]
[WhiteFideId "5707684"]
[BlackFideId "4158814"]
[WhiteElo "2055"]
[BlackElo "2736"]
[Result "1/2-1/2"]
[Round "05"]
[TimeControl "180+1"]
[Date "2022.02.01"]
[WhiteClock "0:01:41"]
[BlackClock "0:02:17"]

1. e4 e6 2. d4 d5 3. Nc3 Bb4 4. e5 c5 5. Bd2 a6 6. Nce2 Bxd2+ 7. Qxd2 cxd4 8. Nxd4 Ne7 9. O-O-O Nbc6 10. Ngf3 Bd7 11. Kb1 Qb6 12. h4 Nxd4 13. Nxd4 Nc6 14. Nf3 O-O-O 15. h5 h6 16. Rh4 Kb8 17. Rg4 Rdg8 18. Bd3 Ka8 19. Rf4 Rf8 20. Rg4 Rfg8 21. Rf4 Rf8 22. Rg4 Rfg8 1/2-1/2


[Site "https://www.chess.com"]

[Event "Titled Tuesday Blitz February 01 A 2022"]
[White "Alonso Rosell, Alvar"]
[Black "Savchenko, Boris"]
[WhiteFideId "2270544"]
[BlackFideId "4147332"]
[WhiteElo "2518"]
[BlackElo "2512"]
[Result "0-1"]
[Round "06"]
[TimeControl "180+1"]
[Date "2022.02.01"]
[WhiteClock "0:00:02"]
[BlackClock "0:02:06"]

1. d4 Nf6 2. Bf4 e6 3. e3 a6 4. Nf3 b5 5. h3 Bb7 6. Nbd2 Bd6 7. Bxd6 cxd6 8. a4 b4 9. Nc4 Qc7 10. a5 O-O 11. Qd2 Nc6 12. Bd3 d5 13. Nce5 Ne4 14. Qe2 Nc3 15. Bxh7+ Kxh7 16. Ng5+ Kh6 17. Qg4 Nxe5 18. dxe5 Qxe5 19. Qh4+ Kg6 20. Nf3 Qf6 21. Qxb4 Nb5 22. c4 dxc4 0-1


[Site "https://www.chess.com"]

[Event "Titled Tuesday Blitz February 01 A 2022"]
[White "Andreikin, Dmitry"]
[Black "Lenderman, Aleksandr"]
[WhiteFideId "4158814"]
[BlackFideId "2021285"]
[WhiteElo "3030"]
[BlackElo "2885"]
[Result "1-0"]
[Round "06"]
[TimeControl "180+1"]
[Date "2022.02.01"]
[WhiteClock "0:00:32"]
[BlackClock "0:00:05"]

1. d4 e6 2. Nf3 Nf6 3. Bf4 b6 4. Nbd2 Bb7 5. e3 h6 6. h3 Bd6 7. Bxd6 cxd6 8. c4 O-O 9. Rc1 d5 10. c5 bxc5 11. Rxc5 d6 12. Rc3 Qa5 13. Ra3 Qc7 14. Rc3 Qa5 15. Bd3 Nc6 16. O-O Nb4 17. Bb1 Rfc8 18. Qb3 Ba6 19. Rfc1 Rxc3 20. Qxc3 Qb5 21. a3 Nd3 22. Bxd3 Qxd3 23. Qxd3 Bxd3 24. Rc6 Ne4 25. Nxe4 dxe4 26. Nd2 a5 27. Rxd6 Rc8 28. Nb3 Rc2 29. Nxa5 Rxb2 30. Nc6 Ra2 31. Ne5 f6 32. Nd7 Kf7 33. Nc5 Bc4 34. a4 Bd5 35. Rd7+ Kg8 36. Re7 Kf8 37. Ra7 g5 38. a5 h5 39. a6 Ra1+ 40. Kh2 Ra2 41. Rd7 Rxf2 42. a7 Ra2 43. Nxe6+ Bxe6 44. Rd8+ Ke7 45. a8=Q Rxa8 46. Rxa8 f5 47. g3 Bc4 48. Ra5 Kf6 49. h4 gxh4 50. gxh4 f4 51. exf4 e3 52. Rxh5 e2 53. Re5 1-0


[Site "https://www.chess.com"]

[Event "Titled Tuesday Blitz February 01 A 2022"]
[White "Bashirli, Nail"]
[Black "Moroni, Luca Jr"]
[WhiteFideId "13406809"]
[BlackFideId "865834"]
[WhiteElo "2333"]
[BlackElo "2573"]
[Result "1-0"]
[Round "06"]
[TimeControl "180+1"]
[Date "2022.02.01"]
[WhiteClock "0:01:13"]
[BlackClock "0:00:07"]

1. e4 e5 2. Nf3 Nc6 3. Nc3 Nf6 4. Bb5 Bd6 5. g4 h6 6. Rg1 Nd4 7. d3 g5 8. Be3 Nxf3+ 9. Qxf3 Bb4 10. d4 Qe7 11. O-O-O Bxc3 12. bxc3 c6 13. dxe5 Nh7 14. Bc4 Nf8 15. Bc5 Qxc5 16. Bxf7+ Kd8 17. Qf6+ Qe7 18. Qxh8 Qxf7 19. Qxh6 Ne6 20. Qf6+ Qxf6 21. exf6 Ke8 22. h4 Kf7 23. e5 gxh4 24. Rh1 d5 25. Rxh4 Kg6 26. Rh8 b6 27. Rf1 Bb7 28. Rxa8 Bxa8 29. f4 Kf7 30. f5 Ng5 31. Rh1 c5 32. Rh5 Nf3 33. Rh7+ Kg8 34. Rg7+ Kf8 35. e6 Bc6 36. e7+ Ke8 37. Rg8+ Kf7 38. Rf8# 1-0


[Site "https://www.chess.com"]

[Event "Titled Tuesday Blitz February 01 A 2022"]
[White "Bluebaum, Matthias"]
[Black "Jaskolka, Tomasz"]
[WhiteFideId "24651516"]
[BlackFideId "1170791"]
[WhiteElo "2550"]
[BlackElo "2054"]
[Result "1-0"]
[Round "06"]
[TimeControl "180+1"]
[Date "2022.02.01"]
[WhiteClock "0:00:33"]
[BlackClock "0:00:05"]

1. d4 Nf6 2. c4 e6 3. Nc3 Bb4 4. e3 O-O 5. Bd2 Re8 6. Nf3 d6 7. a3 Bxc3 8. Bxc3 b6 9. Bd3 Bb7 10. Qc2 Nbd7 11. O-O-O Qe7 12. e4 e5 13. Rhe1 c5 14. d5 a6 15. Nh4 g6 16. f4 Nxd5 17. Nxg6 hxg6 18. exd5 b5 19. cxb5 axb5 20. Bxb5 Red8 21. Bxd7 Rxd7 22. fxe5 dxe5 23. Rxe5 Qh4 24. g3 Qc4 25. Qf2 f5 26. Re6 Rxa3 27. Qe3 Ra1+ 28. Kc2 Bxd5 29. Re8+ Kf7 30. Rxa1 Qb3+ 31. Kc1 Be4 32. Rf8+ Kxf8 33. Bg7+ Kxg7 34. Qxb3 c4 35. Qc3+ Kh6 36. Qh8+ Kg5 37. Qh4# 1-0


[Site "https://www.chess.com"]

[Event "Titled Tuesday Blitz February 01 A 2022"]
[White "Caruana, Fabiano"]
[Black "Vokhidov, Shamsiddin"]
[WhiteFideId "2020009"]
[BlackFideId "14204223"]
[WhiteElo "2995"]
[BlackElo "2841"]
[Result "0-1"]
[Round "06"]
[TimeControl "180+1"]
[Date "2022.02.01"]
[WhiteClock "0:00:04"]
[BlackClock "0:00:07"]

1. d4 Nf6 2. Nf3 d5 3. Bf4 c5 4. e3 Nc6 5. Be2 Nh5 6. Be5 f6 7. Bg3 g6 8. O-O Nxg3 9. hxg3 cxd4 10. exd4 Bg7 11. c4 e6 12. Nc3 O-O 13. Re1 Kh8 14. Rc1 Ne7 15. c5 e5 16. b4 e4 17. Nh2 f5 18. b5 f4 19. gxf4 Nf5 20. Nf1 Bxd4 21. Bg4 Qh4 22. g3 Bxf2+ 23. Kxf2 Nxg3 24. Qd4+ Kg8 25. Qxd5+ Kh8 26. Qe5+ Kg8 27. Nxg3 Qh2+ 28. Kf1 Bxg4 29. Re3 Bh3+ 30. Ke1 Qg1+ 31. Kd2 Rad8+ 32. Nd5 Qf2+ 33. Kc3 Qxa2 34. Kd4 Qd2+ 35. Kxe4 Bg2+ 36. Rf3 Bxf3+ 37. Kxf3 Rxd5 38. Qe6+ Rf7 39. Ne2 Rd3+ 40. Kf2 Rd4 41. Rc4 Rxc4 42. Qxc4 Qd7 43. c6 bxc6 44. bxc6 Qd6 45. Kf3 Kf8 46. Nd4 Rxf4+ 47. Ke3 Qxd4+ 0-1


[Site "https://www.chess.com"]

[Event "Titled Tuesday Blitz February 01 A 2022"]
[White "Deac, Bogdan-Daniel"]
[Black "Bacrot, Etienne"]
[WhiteFideId "1226380"]
[BlackFideId "605506"]
[WhiteElo "3038"]
[BlackElo "2845"]
[Result "0-1"]
[Round "06"]
[TimeControl "180+1"]
[Date "2022.02.01"]
[WhiteClock "0:00:02"]
[BlackClock "0:00:23"]

1. d4 Nf6 2. c4 c5 3. Nf3 cxd4 4. Nxd4 e5 5. Nb5 d5 6. cxd5 Bc5 7. N5c3 O-O 8. g3 e4 9. Bg2 Re8 10. O-O Bf5 11. e3 Nbd7 12. Nd2 h5 13. h3 Rc8 14. Nb3 Bd6 15. Nd4 Bg6 16. h4 Ne5 17. Bd2 a6 18. Qb3 Qd7 19. Nce2 Nf3+ 20. Nxf3 exf3 21. Bxf3 Bc2 22. Qb6 Ne4 23. Bb4 Bc7 24. Qa7 a5 25. Bc3 b6 26. Qb7 Bd3 27. Rad1 Qf5 28. Kg2 Nc5 29. Qc6 Qxf3+ 30. Kxf3 Be4# 0-1


[Site "https://www.chess.com"]

[Event "Titled Tuesday Blitz February 01 A 2022"]
[White "Dobrov, Vladimir"]
[Black "Abdrlauf, Elham"]
[WhiteFideId "4136594"]
[BlackFideId "1533533"]
[WhiteElo "2812"]
[BlackElo "2946"]
[Result "0-1"]
[Round "06"]
[TimeControl "180+1"]
[Date "2022.02.01"]
[WhiteClock "0:00:02"]
[BlackClock "0:00:03"]

1. d4 Nf6 2. c4 e6 3. Nf3 d5 4. Nc3 c6 5. Bg5 Nbd7 6. e3 h6 7. Bh4 Be7 8. Bd3 dxc4 9. Bxc4 b5 10. Bd3 Bb7 11. O-O a6 12. a4 b4 13. Bxf6 gxf6 14. Ne4 c5 15. Ng3 f5 16. e4 f4 17. Nh5 cxd4 18. Nxf4 Nc5 19. Re1 Qc7 20. Nh5 O-O-O 21. Rc1 Kb8 22. Nd2 Rhg8 23. Nb3 Qe5 24. f4 Qc7 25. Nxc5 Bxc5 26. Qd2 f5 27. Kh1 Qb6 28. Ng3 Be7 29. exf5 exf5 30. Rxe7 Qd6 31. Re5 Rg7 32. Nxf5 Rxg2 33. Qxg2 Bxg2+ 34. Kxg2 Rg8+ 35. Kf3 Qg6 36. Ke4 Qg2+ 37. Kxd4 Qxb2+ 38. Ke4 Qxc1 0-1


[Site "https://www.chess.com"]

[Event "Titled Tuesday Blitz February 01 A 2022"]
[White "Garcia Martin, Marta"]
[Black "Babazada, Khazar"]
[WhiteFideId "32084030"]
[BlackFideId "13413554"]
[WhiteElo "2102"]
[BlackElo "2418"]
[Result "1-0"]
[Round "06"]
[TimeControl "180+1"]
[Date "2022.02.01"]
[WhiteClock "0:00:06"]
[BlackClock "0:00:14"]

1. Nf3 g6 2. e4 Bg7 3. d4 d6 4. Bc4 Nf6 5. Qe2 O-O 6. e5 Nfd7 7. h4 d5 8. Bb3 h5 9. g4 hxg4 10. Ng5 Nc6 11. Be3 Ndxe5 12. dxe5 Nxe5 13. h5 Bf5 14. hxg6 Bxg6 15. Bd4 Qd6 16. Nc3 Nf3+ 17. Nxf3 gxf3 18. Qe3 e5 19. Nxd5 exd4 20. Ne7+ Qxe7 21. Qxe7 Rfe8 22. Qxe8+ Rxe8+ 23. Kf1 d3 24. Re1 Re2 25. cxd3 Bxd3 26. Rxe2 fxe2+ 27. Ke1 Bxb2 28. Kd2 Ba6 29. Bd5 Ba3 30. Rh4 c5 31. Bc4 Bb4+ 32. Kxe2 b5 33. Bd5 c4 34. Rf4 Bc5 35. Rxf7 Kh8 36. Bb7 Bxb7 37. Rxb7 Bb6 38. f4 Kg8 39. f5 b4 40. Rd7 Kf8 41. Rb7 Ke8 42. Kd2 Kd8 43. Kc2 Kc8 44. Rh7 Kd8 45. Rh4 b3+ 46. axb3 cxb3+ 47. Kxb3 Ke7 48. Rh6 Kf7 49. Rc6 Bd8 50. Kc4 a5 51. Ra6 a4 52. Kd5 Be7 53. Rxa4 Kf6 54. Ke4 Kg5 55. Ra6 Bf6 56. Re6 Bd8 57. Rg6+ Kh5 58. Ke5 Ba5 59. Ke6 Bb4 60. Rg2 Kh6 61. f6 1-0


[Site "https://www.chess.com"]

[Event "Titled Tuesday Blitz February 01 A 2022"]
[White "Garriga Cazorla, Pere"]
[Black "Aravindh, Chithambaram VR."]
[WhiteFideId "32011601"]
[BlackFideId "5072786"]
[WhiteElo "2458"]
[BlackElo "2561"]
[Result "1/2-1/2"]
[Round "06"]
[TimeControl "180+1"]
[Date "2022.02.01"]
[WhiteClock "0:00:23"]
[BlackClock "0:00:08"]

1. d4 f5 2. c4 Nf6 3. Nc3 g6 4. Nf3 Bg7 5. g3 O-O 6. Bg2 d6 7. O-O c6 8. d5 e5 9. dxe6 Bxe6 10. b3 Kh8 11. Qc2 Na6 12. Rd1 Qe7 13. Bb2 Nc5 14. e3 Bg8 15. Ne2 Nce4 16. Nf4 Rae8 17. Rac1 Bf7 18. Nd3 g5 19. c5 d5 20. Nd4 Bg6 21. f3 Nxg3 22. hxg3 f4 23. exf4 gxf4 24. gxf4 Nh5 25. Re1 Qh4 26. Qf2 Qd8 27. Ne5 Nxf4 28. Nxg6+ hxg6 29. Rxe8 Rxe8 30. Re1 Rxe1+ 31. Qxe1 Qg5 32. Qf1 Qg3 33. Ba1 Nh3+ 34. Kh1 Nf2+ 35. Kg1 Nh3+ 36. Kh1 Nf4 37. Ne2 Qh4+ 38. Kg1 Nxe2+ 39. Qxe2 Bxa1 40. Qe8+ Kh7 41. Qd7+ Kh6 42. Qh3 Bd4+ 43. Kf1 Qxh3 44. Bxh3 Bxc5 45. Bc8 b6 46. Bb7 Be3 47. Bxc6 d4 48. Ke2 Kg5 49. Bd7 Kf4 50. Bg4 g5 51. Kd3 Kg3 52. a4 Kf2 53. Bh5 Ke1 54. Bg4 a5 55. Bh5 Kf2 56. Bg4 Kg3 57. Bh5 Kf4 58. Bg4 Ke5 59. Ke2 Kd5 60. Kd3 Kc5 61. Bh5 Kb4 62. Bf7 Bg1 63. Bg8 b5 64. axb5 Kxb5 65. Bc4+ Kc5 66. Be6 Kd6 67. Bg4 Kd5 68. Bh5 Ke6 69. Bg4+ Ke5 70. Bh5 Kf4 71. Bg4 Be3 72. Bh5 Ke5 73. Bg4 Bc1 74. Bh5 Ba3 75. Bg4 Bc5 76. Bh5 Bb6 77. Bg4 Kd6 78. Bh5 Kc5 79. Bg4 a4 80. bxa4 Kb4 81. Bd7 Kc5 82. Be8 Kd5 83. Bd7 Ke5 84. Bg4 Kd5 85. Bd7 Kc5 86. Be8 Bc7 87. Bh5 1/2-1/2


[Site "https://www.chess.com"]

[Event "Titled Tuesday Blitz February 01 A 2022"]
[White "Gelman, Alexander"]
[Black "Svane, Rasmus"]
[WhiteFideId "4118316"]
[BlackFideId "4657101"]
[WhiteElo "2375"]
[BlackElo "2645"]
[Result "0-1"]
[Round "06"]
[TimeControl "180+1"]
[Date "2022.02.01"]
[WhiteClock "0:00:12"]
[BlackClock "0:00:12"]

1. d4 Nf6 2. Nc3 d5 3. Bf4 c5 4. e3 cxd4 5. exd4 a6 6. Nf3 Nc6 7. Ne5 Bd7 8. Qd2 e6 9. f3 Qa5 10. g4 Rc8 11. a3 Bb4 12. Rb1 Be7 13. h4 Qb6 14. Nxc6 Bxc6 15. h5 h6 16. Be5 Qd8 17. Nd1 Bd6 18. Qf4 Bxe5 19. Qxe5 Ba4 20. c3 Bxd1 21. Rxd1 Qc7 22. Qe3 Ke7 23. Kf2 b5 24. Bd3 Qd6 25. Kg2 Kd7 26. Rhe1 Kc7 27. a4 Kb6 28. axb5 axb5 29. Be2 Ra8 30. Qd3 Qc6 31. b3 Rhc8 32. Rc1 Ra2 33. Kg1 Rb2 34. c4 dxc4 35. bxc4 bxc4 36. Qc3 Rb3 37. Rb1 Kc7 38. Rxb3 cxb3 39. Qxb3 Qd6 40. Kg2 Kd8 41. Rd1 Nd5 42. Bb5 Rc3 43. Qa4 Ne3+ 44. Kf2 Qh2+ 45. Ke1 Nc2+ 46. Kf1 Rxf3# 0-1


[Site "https://www.chess.com"]

[Event "Titled Tuesday Blitz February 01 A 2022"]
[White "Hansen, Eric"]
[Black "Kobalia, Mikhail"]
[WhiteFideId "2606771"]
[BlackFideId "4119150"]
[WhiteElo "2959"]
[BlackElo "2814"]
[Result "1-0"]
[Round "06"]
[TimeControl "180+1"]
[Date "2022.02.01"]
[WhiteClock "0:00:03"]
[BlackClock "0:00:01"]

1. e4 c5 2. Nf3 e6 3. d4 cxd4 4. Nxd4 Nc6 5. Nc3 a6 6. Nxc6 bxc6 7. Bd3 d5 8. O-O Nf6 9. Qe2 Be7 10. b3 O-O 11. Bb2 a5 12. Na4 Bb7 13. c4 Ba6 14. Rad1 Qc7 15. cxd5 Bxd3 16. Rxd3 cxd5 17. Bxf6 Bxf6 18. exd5 exd5 19. Rxd5 Rfe8 20. Qf3 Qc2 21. Nb6 Rad8 22. Rxa5 Rd2 23. Nc4 Rd3 24. Ra8 Rxa8 25. Qxa8+ Rd8 26. Qa5 Rd1 27. g3 h6 28. Rxd1 Qxd1+ 29. Kg2 Qc2 30. Qa8+ Kh7 31. Ne3 Qb1 32. Qf3 Qxa2 33. Nd5 Qb2 34. b4 Kg8 35. Nxf6+ gxf6 36. Qb7 f5 37. b5 f4 38. Qc6 Qb3 39. b6 f3+ 40. Kh3 Qd3 41. b7 Qf5+ 42. g4 Qe5 43. Qc8+ 1-0


[Site "https://www.chess.com"]

[Event "Titled Tuesday Blitz February 01 A 2022"]
[White "Hess, Robert"]
[Black "Makarian, Rudik"]
[WhiteFideId "2022036"]
[BlackFideId "44105681"]
[WhiteElo "2808"]
[BlackElo "2902"]
[Result "1-0"]
[Round "06"]
[TimeControl "180+1"]
[Date "2022.02.01"]
[WhiteClock "0:00:07"]
[BlackClock "0:00:30"]

1. g3 Nf6 2. Bg2 e6 3. b3 d5 4. Bb2 c5 5. d3 Nc6 6. Nd2 Be7 7. e3 O-O 8. Ne2 b6 9. h3 Bb7 10. g4 Nd7 11. a3 a5 12. Nc3 d4 13. exd4 cxd4 14. Nb5 e5 15. Nc4 Qb8 16. O-O Nd8 17. Re1 a4 18. Nxd4 b5 19. Nf5 Bc5 20. Nxe5 Nxe5 21. Bxe5 Qa7 22. d4 f6 23. dxc5 Bxg2 24. Kxg2 fxe5 25. Qd5+ Nf7 26. Rxe5 Rad8 27. Nd6 Rd7 28. Rae1 axb3 29. cxb3 Qxa3 30. Re8 g6 31. Rxf8+ Kxf8 32. Re8+ Kg7 33. Qd4+ Kh6 34. Nf5+ gxf5 35. Qf6# 1-0


[Site "https://www.chess.com"]

[Event "Titled Tuesday Blitz February 01 A 2022"]
[White "Jones, Gawain C B"]
[Black "Ten Hertog, Hugo"]
[WhiteFideId "409561"]
[BlackFideId "1026356"]
[WhiteElo "2903"]
[BlackElo "2790"]
[Result "1-0"]
[Round "06"]
[TimeControl "180+1"]
[Date "2022.02.01"]
[WhiteClock "0:00:26"]
[BlackClock "0:00:02"]

1. Nf3 g6 2. e4 Bg7 3. d4 d6 4. Nc3 a6 5. Be3 Nd7 6. h3 b5 7. a3 Bb7 8. Qd2 Rc8 9. O-O-O c5 10. dxc5 Nxc5 11. Bd4 Nf6 12. e5 dxe5 13. Bxe5 Qb6 14. Bd4 Qc7 15. Be5 Qb6 16. Bd4 Bxf3 17. gxf3 Qc7 18. Kb1 O-O 19. Qe3 Ne6 20. Be5 Qb7 21. h4 b4 22. axb4 Qxb4 23. Na2 Qb7 24. Bh3 Rc6 25. h5 Rfc8 26. hxg6 hxg6 27. Rd2 Nd5 28. Rxd5 Rxc2 29. Bxg7 Qxd5 30. Bxe6 1-0


[Site "https://www.chess.com"]

[Event "Titled Tuesday Blitz February 01 A 2022"]
[White "Kamsky, Gata"]
[Black "Beerdsen, Thomas"]
[WhiteFideId "2000024"]
[BlackFideId "1030108"]
[WhiteElo "2645"]
[BlackElo "2585"]
[Result "1-0"]
[Round "06"]
[TimeControl "180+1"]
[Date "2022.02.01"]
[WhiteClock "0:00:46"]
[BlackClock "0:00:45"]

1. e4 e5 2. Nf3 Nc6 3. Bb5 f5 4. Nc3 fxe4 5. Nxe4 Nf6 6. Qe2 d5 7. Nxf6+ gxf6 8. d4 Bg7 9. dxe5 O-O 10. e6 Re8 11. O-O Bxe6 12. Qd3 Ne5 13. Nxe5 fxe5 14. Bxe8 Qxe8 15. Qg3 Kh8 16. f4 Bf5 17. fxe5 Qe6 18. Bg5 Rg8 19. Rae1 Be4 20. Re2 h6 21. Bf6 Kh7 22. Qe3 Bf8 23. Rf4 Rg6 24. h3 b6 25. Rxe4 dxe4 26. Qxe4 Qxa2 27. e6 Bc5+ 28. Kh1 1-0


[Site "https://www.chess.com"]

[Event "Titled Tuesday Blitz February 01 A 2022"]
[White "Kosakowski, Jakub"]
[Black "Sarana, Alexey"]
[WhiteFideId "1185080"]
[BlackFideId "24133795"]
[WhiteElo "2769"]
[BlackElo "3089"]
[Result "0-1"]
[Round "06"]
[TimeControl "180+1"]
[Date "2022.02.01"]
[WhiteClock "0:00:54"]
[BlackClock "0:01:14"]

1. d3 c5 2. e4 g6 3. Nf3 Bg7 4. g3 e6 5. Bg2 Nc6 6. O-O Nge7 7. c3 d5 8. Re1 O-O 9. Nbd2 b5 10. e5 b4 11. c4 Qc7 12. Qe2 a5 13. h4 Nf5 14. h5 Ncd4 15. Nxd4 Nxd4 16. Qd1 Bxe5 17. cxd5 exd5 18. Bxd5 Ra6 19. Nc4 Bxg3 20. Bh6 Bxf2+ 21. Kxf2 Qh2+ 22. Ke3 Re8+ 23. Be4 Nf5+ 24. Kf3 Rf6 25. Bg5 Nd4+ 26. Ke3 Rf3+ 27. Qxf3 Nc2# 0-1


[Site "https://www.chess.com"]

[Event "Titled Tuesday Blitz February 01 A 2022"]
[White "Kravtsiv, Martyn"]
[Black "Nazari, Arad"]
[WhiteFideId "14113147"]
[BlackFideId "12577324"]
[WhiteElo "2694"]
[BlackElo "2120"]
[Result "1-0"]
[Round "06"]
[TimeControl "180+1"]
[Date "2022.02.01"]
[WhiteClock "0:00:18"]
[BlackClock "0:00:02"]

1. e4 c5 2. Nf3 d6 3. Bb5+ Nd7 4. d4 cxd4 5. Qxd4 a6 6. Bxd7+ Bxd7 7. O-O Rc8 8. c4 e5 9. Qd3 b5 10. Na3 Qb6 11. cxb5 axb5 12. Bd2 Be7 13. Rac1 Rxc1 14. Rxc1 Nf6 15. Bb4 Ng4 16. Qe2 O-O 17. h3 Nh6 18. Nxe5 dxe5 19. Bxe7 Re8 20. Bb4 f6 21. Qd3 Be6 22. b3 Ra8 23. Qxb5 Qxb5 24. Nxb5 Rxa2 25. Rc6 Bxb3 26. Rc8+ Kf7 27. g4 Kg6 28. Nd6 Nf7 29. Nf5 Ng5 30. Rc7 Ne6 31. Re7 Ra4 32. Bd2 h6 33. Rb7 Bc2 34. Re7 Bb3 35. Rb7 Bc2 36. f3 Rc4 37. Re7 Rc6 38. h4 Bd1 39. Kf2 Ra6 40. h5+ Kh7 41. Bxh6 Kg8 42. Bxg7 Ra2+ 43. Kg3 Nf4 44. Bxf6 Rg2+ 45. Kh4 Bxf3 46. Rg7+ Kf8 47. Bxe5 Bxe4 48. Bd6+ Ke8 49. Re7+ Kd8 50. Rxe4 1-0


[Site "https://www.chess.com"]

[Event "Titled Tuesday Blitz February 01 A 2022"]
[White "Lin, Dachey"]
[Black "Narayanan.S.L"]
[WhiteFideId "2029650"]
[BlackFideId "5058422"]
[WhiteElo "2674"]
[BlackElo "2494"]
[Result "0-1"]
[Round "06"]
[TimeControl "180+1"]
[Date "2022.02.01"]
[WhiteClock "0:00:55"]
[BlackClock "0:01:57"]

1. g4 h5 2. g5 g6 3. Bg2 Bg7 4. d4 c5 5. Nf3 cxd4 6. Nxd4 Nc6 7. Be3 d5 8. c3 e5 9. Nxc6 bxc6 10. h4 Ne7 11. Nd2 O-O 12. Bc5 Re8 13. Qa4 Bd7 14. O-O-O Nc8 15. e4 Nb6 16. Qa3 Bg4 17. f3 Be6 18. Bf1 Nd7 19. Bf2 d4 20. cxd4 exd4 21. Bc4 c5 22. f4 Bxc4 23. Nxc4 Rxe4 24. Qf3 Re8 25. Rhe1 Nb6 26. Rxe8+ Qxe8 27. Re1 Qf8 28. Na5 Re8 29. f5 Rxe1+ 30. Bxe1 gxf5 31. Qxf5 Qe8 32. Bd2 c4 33. Qc5 Qe2 34. Nc6 Qf1+ 0-1


[Site "https://www.chess.com"]

[Event "Titled Tuesday Blitz February 01 A 2022"]
[White "Maevsky, Nikolay"]
[Black "Urazayev, Arystanbek"]
[WhiteFideId "4198220"]
[BlackFideId "13709810"]
[WhiteElo "2104"]
[BlackElo "2321"]
[Result "0-1"]
[Round "06"]
[TimeControl "180+1"]
[Date "2022.02.01"]
[WhiteClock "0:00:02"]
[BlackClock "0:00:04"]

1. d4 d5 2. Nf3 e6 3. e3 Nf6 4. Bd3 Nbd7 5. O-O Bd6 6. b3 e5 7. dxe5 Nxe5 8. Be2 Nxf3+ 9. Bxf3 Be5 10. c3 O-O 11. Bb2 Qd6 12. g3 Bh3 13. Re1 Rfe8 14. Nd2 Rad8 15. Qc2 h5 16. Rad1 Qe6 17. c4 Bxb2 18. Qxb2 d4 19. Qa1 d3 20. e4 h4 21. Qc3 Ng4 22. Nf1 Ne5 23. Bh1 Bg4 24. Rd2 Bf3 25. Re3 Qf6 26. Bg2 Bxg2 27. Kxg2 h3+ 28. Kxh3 Qh6+ 29. Kg2 Rd6 30. h3 Red8 31. f4 Nc6 32. Rexd3 Qe6 33. e5 Rxd3 34. Rxd3 Re8 35. Ne3 Ne7 36. Nd5 Qc6 37. Kh2 Ng6 38. Qd2 Nf8 39. Ne3 Qc5 40. Rd5 Qa3 41. Ng4 c6 42. Rd6 Ne6 43. f5 Nc5 44. f6 Ne4 45. Qe2 Nxd6 46. Nh6+ Kf8 0-1


[Site "https://www.chess.com"]

[Event "Titled Tuesday Blitz February 01 A 2022"]
[White "Maksimovic, Bojan"]
[Black "Grandelius, Nils"]
[WhiteFideId "14408120"]
[BlackFideId "1710400"]
[WhiteElo "2450"]
[BlackElo "2617"]
[Result "0-1"]
[Round "06"]
[TimeControl "180+1"]
[Date "2022.02.01"]
[WhiteClock "0:00:47"]
[BlackClock "0:02:27"]

1. Nf3 d5 2. e3 e6 3. b3 Be7 4. Bb2 Bf6 5. d4 c5 6. c4 Ne7 7. cxd5 Nxd5 8. e4 Nb4 9. e5 Be7 10. a3 N4c6 11. Nc3 Nxd4 12. Nxd4 cxd4 13. Ne4 Qa5+ 14. b4 Qxe5 15. Bd3 f5 16. Bxd4 Qd5 17. Nc3 Qxg2 18. Kd2 Nc6 19. Rg1 Bg5+ 0-1


[Site "https://www.chess.com"]

[Event "Titled Tuesday Blitz February 01 A 2022"]
[White "Mladenovic, Stefan"]
[Black "Grischuk, Alexander"]
[WhiteFideId "942227"]
[BlackFideId "4126025"]
[WhiteElo "2355"]
[BlackElo "2762"]
[Result "0-1"]
[Round "06"]
[TimeControl "180+1"]
[Date "2022.02.01"]
[WhiteClock "0:00:02"]
[BlackClock "0:00:51"]

1. d4 Nf6 2. Nf3 g6 3. Bf4 Bg7 4. e3 O-O 5. Be2 c5 6. c3 d6 7. O-O Nh5 8. Bg5 h6 9. Bh4 g5 10. Nfd2 cxd4 11. cxd4 Nf4 12. Bg3 Nxe2+ 13. Qxe2 Qb6 14. Nc4 Qa6 15. Qc2 Be6 16. Nca3 Nd7 17. Nc3 Rac8 18. Qd2 Nf6 19. f4 Nh5 20. Bf2 f5 21. fxg5 hxg5 22. e4 f4 23. Rae1 Bf7 24. e5 dxe5 25. dxe5 Rfd8 26. Qe2 Qxe2 27. Rxe2 a6 28. Ne4 g4 29. Bh4 Rc7 30. Nf2 Be6 31. Bg5 b5 32. b3 Rd5 33. h3 Ng3 34. Ree1 Nxf1 35. Kxf1 Rxe5 36. Bxf4 Rxe1+ 37. Kxe1 Rc1+ 38. Bxc1 g3 39. Ne4 Be5 40. Kf1 Bf5 41. Ng5 Bd3+ 42. Ke1 Bd6 0-1


[Site "https://www.chess.com"]

[Event "Titled Tuesday Blitz February 01 A 2022"]
[White "Nakamura, Hikaru"]
[Black "Bortnyk, Olexandr"]
[WhiteFideId "2016192"]
[BlackFideId "14120828"]
[WhiteElo "3221"]
[BlackElo "2901"]
[Result "1-0"]
[Round "06"]
[TimeControl "180+1"]
[Date "2022.02.01"]
[WhiteClock "0:00:44"]
[BlackClock "0:00:03"]

1. e4 Nf6 2. e5 Nd5 3. d4 d6 4. exd6 exd6 5. Bd3 Be7 6. Nf3 Nc6 7. c3 Bg4 8. O-O Qd7 9. Nbd2 Nf6 10. Re1 O-O 11. Nf1 Rae8 12. h3 Bf5 13. Bxf5 Qxf5 14. Ng3 Qd5 15. b3 b5 16. Qd3 Bd8 17. Be3 Ne5 18. Nxe5 dxe5 19. c4 bxc4 20. bxc4 Qd7 21. d5 e4 22. Qa3 Be7 23. Qxa7 Bd6 24. Bg5 Be5 25. Rad1 Ra8 26. Qe3 Bxg3 27. Qxg3 Nh5 28. Qg4 Qxg4 29. hxg4 Nf6 30. Bxf6 gxf6 31. Rxe4 Rxa2 32. Re7 Rc8 33. c5 Rc2 34. c6 Rc5 35. Rd7 Kf8 36. Kh2 Kg7 37. Re1 Kg6 38. Ree7 Rf8 39. Re3 Ra8 40. Rd3 Rc8 41. Kg3 Kg7 42. f3 Kg6 43. Re3 h6 44. Ree7 Rf8 45. Re2 Ra8 46. Rd2 Rc8 47. Kh4 Kg7 48. f4 Kg6 49. f5+ Kg7 50. Kg3 Rc3+ 51. Kf2 Rc4 52. Re2 Rxg4 53. Ree7 Rf4+ 54. Kg3 Rxf5 55. Rxf7+ Kg6 56. Rg7+ Kh5 57. Kh3 Rg5 58. g4+ Rxg4 59. Rxg4 1-0


[Site "https://www.chess.com"]